 Dungeon Crawl Stone Soup version 0.30.1-3-gfc49f6343a (webtiles) character file.

Game seed: 12685567649759670310

17 dr0g0th the Shield-Bearer (level 2, 0/40 HPs)
             Began as a Minotaur Fighter on July 31, 2023.
             Succumbed to a goblin's poison
             ... on level 1 of the Dungeon.
             The game lasted 00:00:33 (169 turns).

dr0g0th the Shield-Bearer (Minotaur Fighter)         Turns: 169, Time: 00:00:33

Health: 0/40       AC: 21    Str: 26    XL:     2   Next: 44%
Magic:  1/1        EV:  2    Int:  5    God:
Gold:   9          SH:  4    Dex:  9    Spells: 1/1 levels left

rFire   . . .        a - +0 trident
rCold   . . .        c - +0 buckler
rNeg    . . .        b - melded +0 scale mail
rPois   +            (helmet currently unavailable)
rElec   .            (cloak currently unavailable)
rCorr   .            (gloves currently unavailable)
SInv    .            (boots currently unavailable)
Will    .....        (no amulet)
Stlth   +            g - +6 ring of strength
HPRegen 0.26/turn    (no ring)
MPRegen 0.07/turn

%: no passive effects
@: lethally poisoned (0 -> -3), tree-form
A: stationary, stasis, torment immunity, boosted hp, (horns 2), (retaliatory
headbutt)
a: no special abilities


You were on level 1 of the Dungeon.
You were a tree.
You visited 1 branch of the dungeon, and saw 1 of its levels.

You collected 9 gold pieces.

Inventory:

Hand Weapons
 a - a +0 trident (weapon)
Armour
 b - a +0 scale mail (melded)
 c - a +0 buckler (worn)
Jewellery
 g - a +6 ring of strength (left branch)
Scrolls
 e - a scroll of identify {unknown}
 h - a scroll of fear {unknown}
Potions
 d - a potion of might


   Skills:
 + Level 3.7 Fighting
 + Level 2.7 Polearms
 + Level 3.9 Armour
 + Level 4.1 Shields


You had one spell level left.
You didn't know any spells.
Your spell library was empty.

Dungeon Overview and Level Annotations

Branches:
Dungeon (1/15)

Altars:


Innate Abilities, Weirdness & Mutations

You are a tree.
Your roots penetrate the ground, keeping you stationary.
You cannot be teleported.
You are immune to unholy pain and torment.
Your maximum health is greatly increased.
Your equipment is partially melded.
((You have a pair of horns on your head.))
((You reflexively headbutt those who attack you in melee.))


Message History

The goblin is moderately wounded.
You feel very sick.
The quokka bites you but does no damage.
The goblin hits you with a +0 dagger of venom.
You are lethally poisoned!
The quokka bites you.
It was a potion of lignification.
You turn into a tree.
Your +0 scale mail melds into your body.
Your roots penetrate the ground.
* * * LOW HITPOINT WARNING * * *
You feel very sick. The goblin hits you but does no damage.
The quokka barely misses you.
It was a potion of flight.
Your roots keep you in place.
* * * LOW HITPOINT WARNING * * *
You feel very sick. The quokka completely misses you.
The goblin hits you with a +0 dagger of venom.
* * * LOW HITPOINT WARNING * * *
You barely miss the goblin.
The goblin is moderately wounded.
* * * LOW HITPOINT WARNING * * *
You feel sick. You block the quokka's attack. You block the goblin's attack.
The quokka bites you but does no damage.
You hit the goblin.
You kill the goblin!
* * * LOW HITPOINT WARNING * * *
You feel very sick.
The quokka bites you but does no damage.
You cannot move.
You closely miss the quokka.
* * * LOW HITPOINT WARNING * * *
You feel sick.
The quokka bites you but does no damage.
The quokka barely misses you.
You barely miss the quokka.
* * * LOW HITPOINT WARNING * * *
You feel sick.
The quokka bites you but does no damage.
You barely miss the quokka.
You die...

#.# #.. #.# ####### #.#
#.###...... . #.#
#.#........ #.######.##
#.#......†. $.........
#..#####+.. .........##
.#..#≈...#..
..........##.#..#≈...#..
.!....)♣.....#.##≈...#..
......r.#..###.##≈...#..
...####.#.......#≈≈≈≈#..
. ..#.>.....'# #..
.###...##.#.# #.. ..
#......#.# #.. ..
#......#)## #.. ...
#.........######
#...............


You could see a quokka.

Vanquished Creatures
  A ball python (D:1)
  2 bats (D:1)
  An endoplasm (D:1)
  2 giant cockroaches (D:1)
  4 jackals (D:1)
  A quokka (D:1)
  A frilled lizard (D:1)
  A goblin (D:1)
  A kobold (D:1)
14 creatures vanquished.

Notes
Turn   | Place    | Note
-------+----------+-------------------------------------------
     0 | D:1      | dr0g0th the Minotaur Fighter began the quest for the Orb.
     0 | D:1      | Reached XP level 1. HP: 19/19 MP: 0/0
    25 | D:1      | Found a faded altar of an unknown god.
    41 | D:1      | Reached skill level 4 in Shields
    43 | D:1      | Reached XP level 2. HP: 27/27 MP: 1/1
   167 | D:1      | HP: 2/40 [poisoned by a goblin]
   169 | D:1      | Succumbed to a goblin's poison

Illustrated notes

Levels and vault maps discovered:
D:1:      lemuel_arrival_funnel, layout_basic, serial_rivers,
          chequers_serial_rivers_micro_a, chequers_serial_rivers_room_b,
          chequers_serial_rivers_room_a, chequers_serial_rivers_micro_d,
          chequers_serial_rivers_large_b, chequers_serial_rivers_micro_e,
          hellmonk_ecumenical_altar_blasted, amcnicky_mini_corridor_feature

Skill      XL: |  1 |
---------------+----+-----
Shields        | 4 |  4.1
Fighting       | |  3.7
Polearms       | |  2.7
Armour         | |  3.9

Action                     || total
---------------------------++-------
  Melee: Trident           ||    33
         Headbutt          ||     3
    Use: Potion            ||     2
 Armour: Scale mail        ||    11
         Skin              ||     5
  Dodge: Dodged            ||    20
  Block: Buckler           ||    10
